 Dungeon Crawl Stone Soup version 0.31-a0-675-g238779eb0a (webtiles) character file.

Game seed: 4001126497006912441

1710 qw the Skirmisher (level 9, -1/55 HPs)
             Began as a Gargoyle Hunter on Sept 5, 2023.
             Was a Believer of Okawaru.
             Killed by divine providence
             ... invoked by Jeremiah
              (12 damage)
             ... on level 7 of the Dungeon.
             The game lasted 00:02:04 (5280 turns).

qw the Skirmisher (Gargoyle Hunter)                 Turns: 5280, Time: 00:02:05

Health: -1/55      AC: 15    Str: 15    XL:     9   Next: 3%
Magic:  12/12      EV: 14    Int: 10    God:    Okawaru [**....]
Gold:   99         SH:  0    Dex: 17    Spells: 8/8 levels left

rFire   + . .        Y - +0 hand cannon (freeze)
rCold   . . .        (no shield)
rNeg    + . .        m - +2 ring mail {rF+}
rPois   inf          (no helmet)
rElec   +            (no cloak)
rCorr   .            (no gloves)
SInv    +            (no boots)
Will    .....        (no amulet)
Stlth   +++          b - ring of see invisible
HPRegen 0.29/turn    (no ring)
MPRegen 0.13/turn

%: no passive effects
@: about to teleport, heroic
A: sickness immunity, AC +6, negative energy resistance 1, electricity
resistance, torment resistance 1, petrification resistance
a: Renounce Religion, Heroism


You were on level 7 of the Dungeon.
You worshipped Okawaru.
Okawaru was pleased with you.
You visited 1 branch of the dungeon, and saw 7 of its levels.

You collected 206 gold pieces.
You spent 107 gold pieces at shops.


Innate Abilities, Weirdness & Mutations

You are immune to sickness and miasma.
Your stone body is resilient. (AC +6)
You are immune to poison.
You resist negative energy. (rN+)
You are resistant to electric shocks. (rElec)
You are resistant to unholy torment.
You are immune to petrification.


   Skills:
 - Level 6.1(11.1) Fighting
 + Level 9.4(14.4) Ranged Weapons
 - Level 2.2(7.2) Armour
 - Level 2.1(7.1) Dodging
 - Level 1.1(6.1) Stealth
 - Level 4.2 Invocations


You had 8 spell levels left.
You didn't know any spells.
Your spell library was empty.

Inventory:

Hand Weapons
 Y - a +0 hand cannon of freezing (weapon)
Armour
 m - a +2 ring mail of fire resistance (worn)
Jewellery
 b - a ring of see invisible (left hand)
Wands
 g - a wand of digging (8)
Scrolls
 a - 3 scrolls of identify
Potions
 c - a potion of enlightenment
 d - a potion of mutation
 f - a potion of cancellation
 h - a potion of haste
 i - a potion of might
 k - a potion of heal wounds {unknown}

Dungeon Overview and Level Annotations

Branches:
Dungeon (7/15)             Temple (0/1) D:6

Altars:
Cheibriados
Gozag
Makhleb
Nemelex Xobeh
Okawaru
Sif Muna
Trog

Shops:
D:5 :(   D:6 (

Annotations:
D:4 3 runed translucent doors, qw's ghost, amateur MiHs
D:7 Jeremiah


Message History

You gain the combat prowess of a mighty hero.
The butterfly disappears in a burst of colours!
Jeremiah lets out a twisted cry.
Something smites you!
You shoot a bolt. The bolt hits Jeremiah!
The bolt freezes Jeremiah.
Jeremiah is severely wounded.
The butterfly disappears in a burst of colours! x3
The butterfly disappears in a burst of colours! x2
Jeremiah hops!
5268 ||| READING 4 scrolls of identify.
As you read the scroll of identify, it crumbles to dust.
h - a potion of haste;
5268 ||| IDENTIFYING ruby potion The butterfly disappears in a burst of colours!
The butterfly disappears in a burst of colours! x4
You shoot a bolt. The bolt hits Jeremiah.
The bolt freezes Jeremiah.
Jeremiah is severely wounded.
The butterfly disappears in a burst of colours!
You shoot a bolt. The bolt barely misses Jeremiah.
The butterfly disappears in a burst of colours! x2
Jeremiah hops!
Jeremiah's eyes close briefly, then snap open.
The butterfly disappears in a burst of colours! x3
Jeremiah giggles, "Dreams, dreams, come out to play!"
The butterfly disappears in a burst of colours!
The butterfly disappears in a burst of colours!
Jeremiah hops!
The butterfly disappears in a burst of colours!
The butterfly disappears in a burst of colours!
Jeremiah hops!
The butterfly disappears in a burst of colours!
Jeremiah lets out a twisted cry.
Something smites you!
5280 ||| READING scroll of teleportation.
As you read the scroll of teleportation, it crumbles to dust.
You feel strangely unstable.
The butterfly disappears in a burst of colours!
Jeremiah mumbles a slurred invocation.
Something smites you!
You die...
Jeremiah asks, "What happened?
Did... did you die?"

##### #######.... .#
...%.......# #.##
###..##.##.# ###
...##
#..##.##.###.##....
#.................
##>##.##b#......#
####.##.##.bbb.b.b##
...........b...b@..#
.#.##.....b.bbb...##
.#.####........b..#
.#.# ######..b.#.#
.#.# #.>bbb..b. .#.#
#...F....... .#.#
#..######.## ...#
#..# .# ## %..# #..#
..


You could see Jeremiah.

Vanquished Creatures
  Pikel (D:4)
  Sigmund (D:4)
  Menkaure (D:6)
  A water moccasin (D:7)
  A black bear (D:5)
  3 lemures (D:4)
  A bullfrog (D:6)
  2 scorpions
  3 hounds
  A jelly (D:5)
  An orc priest (D:3)
  4 sleepcaps
  5 iguanas
  An orc wizard (D:6)
  A gnoll (D:1)
  8 adders
  A shadow imp (D:6)
  3 worms
  3 dart slugs
  17 orcs
  2 ball pythons (D:1)
  9 endoplasms
  4 giant cockroaches
  8 goblins
  5 hobgoblins
  5 jackals
  7 kobolds
  3 quokkas
  6 bats
  4 frilled lizards
  3 rats
115 creatures vanquished.

Notes
Turn   | Place    | Note
-------+----------+-------------------------------------------
     0 | D:1      | qw the Gargoyle Hunter began the quest for the Orb.
     0 | D:1      | Reached XP level 1. HP: 12/12 MP: 1/1
     0 | D:1      | 0 ||| qw: Version: 0.3-a-75-g829b12e
     0 | D:1      | 0 ||| qw: Game counter: 31
     0 | D:1      | 0 ||| qw: Melee chars always use a shield: true
     0 | D:1      | 0 ||| qw: God list: Okawaru
     0 | D:1      | 0 ||| qw: Allow faded altars: false
     0 | D:1      | 0 ||| qw: Do Orc after clearing Dungeon:15 true
     0 | D:1      | 0 ||| qw: Do second Lair branch before Depths: true
     0 | D:1      | 0 ||| qw: Lair rune preference: random
     0 | D:1      | 0 ||| qw: Goals: Normal
     0 | D:1      | 0 ||| PLANNING D:1-11
   142 | D:1      | Reached XP level 2. HP: 16/17 MP: 2/2
   494 | D:1      | Found a faded altar of an unknown god.
   524 | D:1      | Reached skill level 5 in Ranged Weapons
   524 | D:1      | Reached XP level 3. HP: 17/21 MP: 3/3
   854 | D:1      | 854 ||| UPGRADING to +0 ring mail.
   864 | D:1      | 864 ||| DROPPING +0 leather armour.
   865 | D:1      | 865 ||| READING 4 scrolls labelled FAYWNIAGAN.
   866 | D:1      | 866 ||| DRINKING 2 orange potions.
   867 | D:1      | 867 ||| DROPPING scroll of butterflies.
   868 | D:1      | 868 ||| DROPPING potion of attraction.
  1014 | D:2      | Reached skill level 1 in Armour
  1203 | D:2      | Reached XP level 4. HP: 27/27 MP: 4/4
  1498 | D:2      | 1498 ||| READING scroll labelled XAG ROYDAES.
  1574 | D:3      | Reached skill level 3 in Fighting
  1609 | D:3      | Found a shimmering blue altar of Sif Muna.
  1609 | D:3      | Found an opulent altar of Gozag.
  1612 | D:3      | 1612 ||| READING scroll labelled KOOMYIRUNU.
  1725 | D:3      | 1725 ||| Stepping ~*~*~tactically~*~*~ (retreating).
  1727 | D:3      | 1727 ||| Stepping ~*~*~tactically~*~*~ (retreating).
  1735 | D:3      | Reached XP level 5. HP: 21/32 MP: 5/5
  1765 | D:3      | 1765 ||| FLEEEEING.
  1766 | D:3      | 1766 ||| FLEEEEING.
  1770 | D:3      | 1770 ||| FLEEEEING.
  1923 | D:3      | Found a sparkling altar of Nemelex Xobeh.
  1933 | D:3      | Found a snail-covered altar of Cheibriados.
  1942 | D:3      | Found an iron altar of Okawaru.
  1943 | D:3      | 1943 ||| PLANNING OKAWARU WORSHIP
  1943 | D:3      | 1943 ||| READING 2 scrolls labelled JIMATO PAUCLO.
  1944 | D:3      | 1944 ||| READING scroll of brand weapon.
  1944 | D:3      | 1944 ||| BRANDING +0 shortbow of flaming.
  1945 | D:3      | 1945 ||| READING 3 scrolls of identify.
  1945 | D:3      | 1945 ||| IDENTIFYING fizzy purple potion
  1951 | D:3      | Became a worshipper of Warmaster Okawaru
  1952 | D:3      | 1952 ||| PLANNING D:1-11
  1967 | D:3      | Identified the +1 dagger of Binuw {venom, Fragile rN+
                  | Dex+8}
  2147 | D:4      | Reached skill level 6 in Ranged Weapons
  2176 | D:4      | Noticed Sigmund
  2186 | D:4      | HP: 5/32 [something (12)]
  2189 | D:4      | Killed Sigmund
  2190 | D:4      | Reached XP level 6. HP: 4/40 MP: 6/6
  2641 | D:4      | Noticed Pikel
  2642 | D:4      | 2642 ||| RETREATING.
  2660 | D:4      | 2660 ||| Stepping ~*~*~tactically~*~*~ (retreating).
  2661 | D:4      | 2661 ||| Stepping ~*~*~tactically~*~*~ (retreating).
  2662 | D:4      | 2662 ||| Stepping ~*~*~tactically~*~*~ (retreating).
  2707 | D:4      | 2707 ||| FLEEEEING.
  2771 | D:4      | Found a runed translucent gate.
  2771 | D:4      | Found a runed translucent gate.
  2771 | D:4      | Found a runed translucent gate.
  2772 | D:4      | Noticed qw's ghost (amateur MiHs)
  2802 | D:4      | Reached * piety under Okawaru
  2808 | D:4      | 2808 ||| INVOKING Heroism.
  2826 | D:4      | Killed Pikel
  2826 | D:4      | Reached ** piety under Okawaru
  2827 | D:4      | Reached skill level 8 in Ranged Weapons
  2827 | D:4      | Reached XP level 7. HP: 14/44 MP: 5/7
  2827 | D:4      | Reached XP level 8. HP: 15/49 MP: 5/8
  3119 | D:4      | 3119 ||| READING scroll labelled HIMAAT YHIRI.
  3120 | D:4      | 3120 ||| READING scroll labelled AGOROA BASMOQE.
  3121 | D:4      | 3121 ||| READING 3 scrolls of identify.
  3121 | D:4      | 3121 ||| IDENTIFYING inky potion
  3122 | D:4      | 3122 ||| READING 2 scrolls of identify.
  3122 | D:4      | 3122 ||| IDENTIFYING lumpy dark potion
  3177 | D:5      | Entered Level 5 of the Dungeon
  3264 | D:5      | Found Zumiewia's Hydra Hut.
  3264 | D:5      | Noticed a seven-headed hydra
  3268 | D:5      | 3268 ||| BUYING +0 hand cannon of freezing (107 gold).
  3268 | D:5      | Bought a +0 hand cannon of freezing for 107 gold pieces
  3268 | D:5      | 3268 ||| SWAPPING to +0 hand cannon of freezing.
  3269 | D:5      | 3269 ||| DROPPING +0 shortbow of freezing.
  3270 | D:5      | Found Nizey's Book Shop.
  3274 | D:5      | 3274 ||| INVOKING Heroism.
  3282 | D:5      | Reached skill level 1 in Invocations
  3453 | D:5      | 3453 ||| INVOKING Heroism.
  3468 | D:5      | 3468 ||| INVOKING Heroism.
  3612 | D:5      | Found a bloodstained altar of Trog.
  3907 | D:5      | 3907 ||| READING scroll labelled DAOTHA DUOHUA.
  3911 | D:5      | 3911 ||| DRINKING 2 red potions.
  3933 | D:6      | 3933 ||| STAIRDANCE
  3937 | D:5      | Reached skill level 3 in Invocations
  3947 | D:6      | 3947 ||| STAIRDANCE
  3962 | D:6      | Found a burning altar of Makhleb.
  3985 | D:6      | Found Yjagg's Antique Weapon Emporium.
  4085 | D:6      | Reached skill level 9 in Ranged Weapons
  4115 | D:6      | Found a staircase to the Ecumenical Temple.
  4287 | D:6      | Noticed Menkaure
  4288 | D:6      | 4288 ||| INVOKING Heroism.
  4293 | D:6      | Killed Menkaure
  4423 | D:6      | 4423 ||| INVOKING Heroism.
  4427 | D:6      | Reached skill level 6 in Fighting
  4640 | D:6      | 4640 ||| UPGRADING to +2 ring mail of fire resistance.
  4650 | D:6      | 4650 ||| DROPPING +0 ring mail.
  4651 | D:6      | 4651 ||| UPGRADING to ring of see invisible.
  4652 | D:6      | 4652 ||| READING scroll labelled UBBIDA XOXATZ.
  4682 | D:7      | Noticed Jeremiah
  4683 | D:7      | 4683 ||| PLANNING OSSUARY
  4685 | D:7      | 4685 ||| STAIRDANCE
  4723 | D:7      | 4723 ||| STAIRDANCE
  4745 | D:7      | 4745 ||| STAIRDANCE
  4795 | D:7      | 4795 ||| STAIRDANCE
  4837 | D:7      | 4837 ||| STAIRDANCE
  4891 | D:7      | 4891 ||| STAIRDANCE
  4920 | D:7      | 4920 ||| INVOKING Heroism.
  4922 | D:7      | HP: 12/51 [Jeremiah/+2 trident of draining (8)]
  4923 | D:7      | 4923 ||| READING scroll of teleportation.
  4924 | D:7      | HP: 5/51 [Jeremiah/+2 trident of draining (8)]
  5227 | D:7      | Reached XP level 9. HP: 52/55 MP: 12/12
  5263 | D:7      | 5263 ||| INVOKING Heroism.
  5268 | D:7      | 5268 ||| READING 4 scrolls of identify.
  5268 | D:7      | 5268 ||| IDENTIFYING ruby potion
  5279 | D:7      | HP: 11/55 [Jeremiah/divine providence (13)]
  5280 | D:7      | 5280 ||| READING scroll of teleportation.
  5280 | D:7      | Killed from afar by Jeremiah

Levels and vault maps discovered:
D:1:      wheals_arrival_linesprint, layout_loops_ring,
          shapermc_ecumenical_altar_rom_forum
D:2:      layout_basic, hangedman_decor_points
D:3:      layout_rooms, mainiacjoe_overflow_big_doors,
          okawaru_ov_weapons_minmay, jmf_multi_god_temple
D:4:      layout_gridville, gammafunk_ghost_necromancy, uniq_sigmund, uniq_pikel
D:5:      layout_basic, bloody_trog, serial_shops,
          nicolae_shop_getting_attention, doesnt_shop_hydraphobe
D:6:      layout_basic, old_standard_altar, minmay_temple_entry_junction,
          serial_shops, shop, uniq_menkaure
D:7:      layout_loops_ring, enter_ossuary_2, uniq_jeremiah

Skill      XL: |  1  2  3  4  5  6  7  8 |
---------------+-------------------------+-----
Ranged Weapons | 5 6 8 9 |  9.4
Armour         | 1 2 |  2.2
Fighting       | 3 5 6 |  6.1
Invocations    | 4 |  4.2
Dodging        | 2 |  2.1
Stealth        | |  1.1

Action                     |  1- 3 |  4- 6 |  7- 9 || total
---------------------------+-------+-------+-------++-------
   Fire: Shortbow          |    99 |   193 |     1 ||   293
         Hand cannon       |       |       |    99 ||    99
 Invoke: Heroism           |       |     1 |     7 ||     8
    Use: Scroll            |     1 |     5 |     9 ||    15
         Potion            |     1 |       |     1 ||     2
 Armour: Leather armour    |    14 |       |       ||    14
         Ring mail         |     5 |    84 |    77 ||   166
  Dodge: Dodged            |    22 |    73 |    46 ||   141

Table legend:
 A = Non-vault XP
 B = Vault XP
 C = Vault XP percentage of total XP
 D = Non-vault monster count
 E = Vault monster count
 F = Vault count percentage of total count
                 A         B        C        D         E       F
            +---------+---------+-------+---------+---------+-------
      Total |    1419 |    1024 |  41.9 |     107 |       5 |   4.5
            +---------+---------+-------+---------+---------+-------
        D:1 |      49 |       0 |   0.0 |      22 |       0 |   0.0
        D:2 |      41 |       0 |   0.0 |      16 |       0 |   0.0
        D:3 |     105 |      17 |  13.9 |      23 |       2 |   8.0
        D:4 |     160 |     838 |  84.0 |      13 |       2 |  13.3
        D:5 |     481 |       0 |   0.0 |      12 |       0 |   0.0
        D:6 |     342 |     169 |  33.1 |      18 |       1 |   5.3
        D:7 |     241 |       0 |   0.0 |       3 |       0 |   0.0
            +---------+---------+-------+---------+---------+-------
